SAA
WESTWOOD SIXSHOOTERS @ BETHESDA ATOMS
05/26/2028
 
TOP OF THE 1ST
Westwood Sixshooters batting - Pitching for Bethesda Atoms : LHP Manuel Ceja
Pitching: LHP Manuel Ceja
Batting: LHB António Quintero 0-0: Ball
1-0: Bunted foul
1-1: Called Strike
1-2: Foul Ball, location: 2F
1-2: Ball
2-2: Foul Ball, location: 2F
2-2: Fly out, F7 (Line Drive, 78M)
Batting: LHB Juan Romero 0-0: Ball
1-0: Swinging Strike
1-1: Swinging Strike
1-2: Strikes out looking
Batting: RHB Steve Bock 0-0: Foul Ball, location: 2F
0-1: Swinging Strike
0-2: Fly out, F8 (Flyball, 8LS)
Top of the 1st over - 0 run(s), 0 hit(s), 0 error(s), 0 left on base; Westwood 0 - Bethesda 0
BOTTOM OF THE 1ST
Bethesda Atoms batting - Pitching for Westwood Sixshooters : RHP Nicholas Adams
Pitching: RHP Nicholas Adams
Batting: RHB Bartolo Rosas 0-0: Ball
1-0: Swinging Strike
1-1: Ball
2-1: SINGLE (Flyball, 7S)
Batting: RHB Carlos Soto 0-0: Ball
1-0: Fly out, F9 (Flyball, 9LM)
Batting: RHB Patrick Eggen 0-0: Ball
1-0: Ball
2-0: Fly out, F9 (Line Drive, 9)
Batting: SHB Nuygen Vuong 0-0: Ball
Bartolo Rosas steals 2nd base
1-0: Ball
2-0: Ground out 1-3 (Groundball, 13)
Bottom of the 1st over - 0 run(s), 1 hit(s), 0 error(s), 1 left on base; Westwood 0 - Bethesda 0
TOP OF THE 2ND
Westwood Sixshooters batting - Pitching for Bethesda Atoms : LHP Manuel Ceja
Batting: LHB Mitchell Cusimano 0-0: Foul Ball, location: 2F
0-1: Foul Ball, location: 2F
0-2: Fly out, F9 (Flyball, 9)
Batting: RHB Alonso Zamora 0-0: Called Strike
0-1: Foul Ball, location: 2F
0-2: Foul Ball, location: 2F
0-2: Ground out 1-3 (Groundball, 13S)
Batting: LHB Lorenzo Díaz 0-0: Called Strike
0-1: Ground out 5-3 (Groundball, 56)
Top of the 2nd over - 0 run(s), 0 hit(s), 0 error(s), 0 left on base; Westwood 0 - Bethesda 0
BOTTOM OF THE 2ND
Bethesda Atoms batting - Pitching for Westwood Sixshooters : RHP Nicholas Adams
Batting: RHB Albert Zamudio 0-0: Fly out, F9 (Flyball, 89D)
Batting: RHB Carlos León 0-0: Fly out, F8 (Flyball, 89M)
Batting: RHB Carlos Deleón 0-0: Called Strike
0-1: Foul Ball, location: 2F
0-2: Ball
1-2: Ball
2-2: Foul Ball, location: 2F
2-2: Fly out, F9 (Flyball, 9S)
Bottom of the 2nd over - 0 run(s), 0 hit(s), 0 error(s), 0 left on base; Westwood 0 - Bethesda 0
TOP OF THE 3RD
Westwood Sixshooters batting - Pitching for Bethesda Atoms : LHP Manuel Ceja
Batting: RHB Chris Corella 0-0: Called Strike
0-1: Ball
1-1: Called Strike
1-2: Ball
2-2: Fly out, F5 (Line Drive, 56S)
Batting: RHB Alberto Lastaneda 0-0: Called Strike
0-1: Swinging Strike
0-2: Strikes out looking
Batting: LHB Phil Minor 0-0: Called Strike
0-1: Ball
1-1: Foul Ball, location: 2F
1-2: Fly out, F8 (Flyball, 8LM)
Top of the 3rd over - 0 run(s), 0 hit(s), 0 error(s), 0 left on base; Westwood 0 - Bethesda 0
BOTTOM OF THE 3RD
Bethesda Atoms batting - Pitching for Westwood Sixshooters : RHP Nicholas Adams
Batting: RHB Héctor Amador 0-0: Ball
1-0: Called Strike
1-1: Ball
2-1: Ground out 5-3 (Groundball, 56)
Batting: RHB Raúl Francisco 0-0: Called Strike
0-1: SINGLE (Line Drive, 56)
Batting: RHB Bartolo Rosas 0-0: Ball
1-0: Called Strike
1-1: Ball
2-1: Ball
3-1: Foul Ball, location: 2F
3-2: SINGLE (Line Drive, 3D)
Raúl Francisco to second
Batting: RHB Carlos Soto 0-0: Ball
1-0: Ball
2-0: Foul Ball, location: 2F
2-1: Foul Ball, location: 2F
2-2: Ball
3-2: Fly out, F4 (Popup, 4)
Batting: RHB Patrick Eggen 0-0: Ground out 3-1 (Groundball, 34)
Bottom of the 3rd over - 0 run(s), 2 hit(s), 0 error(s), 2 left on base; Westwood 0 - Bethesda 0
TOP OF THE 4TH
Westwood Sixshooters batting - Pitching for Bethesda Atoms : LHP Manuel Ceja
Batting: LHB António Quintero 0-0: Called Strike
0-1: Foul Ball, location: 2F
0-2: Strikes out swinging
Batting: LHB Juan Romero 0-0: Called Strike
0-1: Swinging Strike
0-2: Ball
1-2: Fly out, F9 (Flyball, 9)
Batting: RHB Steve Bock 0-0: Foul Ball, location: 2F
0-1: Foul Ball, location: 2F
0-2: Ball
1-2: Foul Ball, location: 2F
1-2: Ball
2-2: Ball
3-2: Fly out, F8 (Flyball, 8LM)
Top of the 4th over - 0 run(s), 0 hit(s), 0 error(s), 0 left on base; Westwood 0 - Bethesda 0
BOTTOM OF THE 4TH
Bethesda Atoms batting - Pitching for Westwood Sixshooters : RHP Nicholas Adams
Batting: SHB Nuygen Vuong 0-0: Foul Ball, location: 2F
0-1: Called Strike
0-2: Ball
1-2: Foul Ball, location: 2F
1-2: Ball
2-2: Foul Ball, location: 2F
2-2: Ground out 3-1 (Groundball, 34)
Batting: RHB Albert Zamudio 0-0: Called Strike
0-1: Ball
1-1: Ball
2-1: Ground out 6-3 (Groundball, 56)
Batting: RHB Carlos León 0-0: Ball
1-0: Ball
2-0: SINGLE (Line Drive, 6D)
Batting: RHB Carlos Deleón 0-0: Swinging Strike
0-1: Ball
1-1: Ball
2-1: Called Strike
2-2: Strikes out swinging
Bottom of the 4th over - 0 run(s), 1 hit(s), 0 error(s), 1 left on base; Westwood 0 - Bethesda 0
TOP OF THE 5TH
Westwood Sixshooters batting - Pitching for Bethesda Atoms : LHP Manuel Ceja
Batting: LHB Mitchell Cusimano 0-0: Ball
1-0: Ground out 4-3 (Groundball, 4)
Batting: RHB Alonso Zamora 0-0: Foul Ball, location: 2F
0-1: SINGLE (Groundball, 4M) (infield hit)
Batting: LHB Lorenzo Díaz 0-0: Ball
1-0: Foul Ball, location: 2F
1-1: Ball
2-1: Foul Ball, location: 2F
2-2: Fielders Choice at 2nd, 3-6 (Groundball, 34)
Batting: RHB Chris Corella 0-0: Called Strike
0-1: Foul Ball, location: 2F
0-2: Strikes out swinging
Top of the 5th over - 0 run(s), 1 hit(s), 0 error(s), 1 left on base; Westwood 0 - Bethesda 0
BOTTOM OF THE 5TH
Bethesda Atoms batting - Pitching for Westwood Sixshooters : RHP Nicholas Adams
Batting: RHB Héctor Amador 0-0: Called Strike
0-1: SINGLE (Flyball, 6MD)
Batting: RHB Raúl Francisco 0-0: Called Strike
Héctor Amador is caught stealing 2nd base
0-1: Swinging Strike
0-2: Foul Ball, location: 2F
0-2: Fly out, F6 (Popup, 56D)
Batting: RHB Bartolo Rosas 0-0: Foul Ball, location: 2F
0-1: Ball
1-1: Ball
2-1: Ball
3-1: Base on Balls
Batting: RHB Carlos Soto 0-0: Ball
1-0: Called Strike
1-1: SINGLE (Groundball, 4M) (infield hit)
Bartolo Rosas to second
Batting: RHB Patrick Eggen 0-0: Called Strike
0-1: Called Strike
0-2: Ball
1-2: Strikes out swinging passed ball, reaches first!
Bartolo Rosas to third
Carlos Soto to second
Batting: SHB Nuygen Vuong 0-0: Ball
1-0: Fly out, F5 (Popup, 56S)
Bottom of the 5th over - 0 run(s), 2 hit(s), 0 error(s), 3 left on base; Westwood 0 - Bethesda 0
TOP OF THE 6TH
Westwood Sixshooters batting - Pitching for Bethesda Atoms : LHP Manuel Ceja
Batting: RHB Alberto Lastaneda 0-0: Called Strike
0-1: Ball
1-1: Foul Ball, location: 2F
1-2: Ball
2-2: Strikes out looking
Batting: LHB Phil Minor 0-0: Called Strike
0-1: Ball
1-1: Ball
2-1: Ball
3-1: Base on Balls
Batting: LHB António Quintero 0-0: Called Strike
0-1: Ball
1-1: Ball
Phil Minor is caught stealing 2nd base
2-1: Ball
3-1: Foul Ball, location: 2F
3-2: Foul Ball, location: 2F
3-2: Foul Ball, location: 2F
3-2: Ground out U3 (Groundball, 34)
Top of the 6th over - 0 run(s), 0 hit(s), 0 error(s), 0 left on base; Westwood 0 - Bethesda 0
BOTTOM OF THE 6TH
Bethesda Atoms batting - Pitching for Westwood Sixshooters : RHP Nicholas Adams
Batting: RHB Albert Zamudio 0-0: Ball
1-0: Called Strike
1-1: Ball
2-1: Fly out, F3 (Popup, 3L)
Pitching: RHP Bru Sotelo
Batting: RHB Carlos León 0-0: Ball
1-0: Foul Ball, location: 2F
1-1: Foul Ball, location: 2F
1-2: Strikes out swinging
Batting: RHB Carlos Deleón 0-0: Foul Ball, location: 2F
0-1: Ball
1-1: Ground out 6-3 (Groundball, 6M)
Bottom of the 6th over - 0 run(s), 0 hit(s), 0 error(s), 0 left on base; Westwood 0 - Bethesda 0
TOP OF THE 7TH
Westwood Sixshooters batting - Pitching for Bethesda Atoms : LHP Manuel Ceja
Pinch Hitting: LHB José Martínez 0-0: Called Strike
0-1: Ball
1-1: Ball
2-1: Ball
3-1: Base on Balls
Batting: RHB Steve Bock 0-0: Called Strike
0-1: Swinging Strike
0-2: Ball
1-2: Fielders Choice at 2nd, 6-4 (Groundball, 6)
Pinch Hitting: SHB Ramón García 0-0: Called Strike
Steve Bock is caught stealing 2nd base
0-1: Called Strike
0-2: Fly out, F7 (Line Drive, 7)
Top of the 7th over - 0 run(s), 0 hit(s), 0 error(s), 0 left on base; Westwood 0 - Bethesda 0
BOTTOM OF THE 7TH
Bethesda Atoms batting - Pitching for Westwood Sixshooters : RHP Bru Sotelo
Now at 3B: Ramón García
Now in RF: José Martínez
Pinch Hitting: RHB Enoch Reinhardt 0-0: Ball
1-0: Ball
2-0: Ball
3-0: Base on Balls
Pinch Hitting: RHB Enrique Ibarra 0-0: Swinging Strike
0-1: Bunted foul
0-2: Foul Ball, location: 2F
0-2: Fly out, F8 (Flyball, 8LM)
Pinch Hitting: RHB Jim Unknown 0-0: Ball
1-0: Called Strike
1-1: Fly out, F9 (Flyball, 9S)
Pinch Hitting: LHB Diego Rosas 0-0: Ball
Enoch Reinhardt is caught stealing 2nd base
Bottom of the 7th over - 0 run(s), 0 hit(s), 0 error(s), 0 left on base; Westwood 0 - Bethesda 0
TOP OF THE 8TH
Westwood Sixshooters batting - Pitching for Bethesda Atoms : LHP Manuel Ceja
Now at 1B: Jim Unknown
Now at 3B: Pedro Ortega
Now at SS: Enrique Ibarra
Now in CF: Diego Rosas
Pinch Hitting: RHB Sancho Tornero 0-0: Foul Ball, location: 2F
0-1: Ball
1-1: Ball
2-1: Ground out 4-3 (Groundball, 4)
Batting: LHB Lorenzo Díaz 0-0: Ball
1-0: Ball
2-0: Fly out, F7 (Flyball, 7S)
Batting: RHB Chris Corella 0-0: Swinging Strike
0-1: Ball
1-1: Called Strike
1-2: Foul Ball, location: 2F
1-2: Strikes out looking
Top of the 8th over - 0 run(s), 0 hit(s), 0 error(s), 0 left on base; Westwood 0 - Bethesda 0
BOTTOM OF THE 8TH
Bethesda Atoms batting - Pitching for Westwood Sixshooters : RHP Bru Sotelo
Now at 1B: Jesús Rodríguez
Batting: LHB Diego Rosas 0-0: Ball
1-0: Foul Ball, location: 2F
1-1: Fly out, F8 (Flyball, 8LM)
Batting: RHB Patrick Eggen 0-0: Swinging Strike
0-1: Foul Ball, location: 2F
0-2: Strikes out swinging
Batting: SHB Nuygen Vuong 0-0: Fly out, F4 (Line Drive, 34)
Bottom of the 8th over - 0 run(s), 0 hit(s), 0 error(s), 0 left on base; Westwood 0 - Bethesda 0
TOP OF THE 9TH
Westwood Sixshooters batting - Pitching for Bethesda Atoms : LHP Manuel Ceja
Pitching: LHP Holden Rosen Grupp
Pinch Hitting: RHB Javier Valdés 0-0: Called Strike
0-1: Called Strike
0-2: Strikes out looking
Pinch Hitting: RHB Leo Shoemaker 0-0: Ball
1-0: Ball
2-0: Called Strike
2-1: Fly out, F7 (Flyball, 7LD)
Pinch Hitting: RHB Nick Hoskins 0-0: Ground out 1-3 (Groundball, 13S)
Top of the 9th over - 0 run(s), 0 hit(s), 0 error(s), 0 left on base; Westwood 0 - Bethesda 0
BOTTOM OF THE 9TH
Bethesda Atoms batting - Pitching for Westwood Sixshooters : RHP Bru Sotelo
Pitching: LHP Christian Clayton
Now at 2B: Orlando López
Now in LF: Nick Hoskins
Now in CF: Edgar González
Pinch Hitting: RHB Chase Mooney 0-0: Ball
1-0: Foul Ball, location: 2F
1-1: Fly out, F9 (Flyball, 9LM)
Batting: RHB Carlos León 0-0: Ball
1-0: Ball
2-0: Called Strike
2-1: Ball
3-1: Base on Balls
Pinch Hitting: RHB Abdul-Fattah bin Najjar 0-0: Ball
1-0: Ball
2-0: Ball
3-0: Called Strike
3-1: Called Strike
3-2: SINGLE (Groundball, 34D)
Carlos León to second
Runner from 2nd tries for 3rd, OUT!
Abdul-Fattah bin Najjar to second
Batting: SHB Pedro Ortega 0-0: Ball
1-0: Ball
2-0: Called Strike
2-1: Fly out, F8 (Flyball, 8LM)
Bottom of the 9th over - 0 run(s), 1 hit(s), 0 error(s), 1 left on base; Westwood 0 - Bethesda 0
TOP OF THE 10TH
Westwood Sixshooters batting - Pitching for Bethesda Atoms : LHP Holden Rosen Grupp
Now at C: Abdul-Fattah bin Najjar
Now in LF: Bob Lambert
Batting: LHB José Martínez 0-0: Ball
1-0: Foul Ball, location: 2F
1-1: Foul Ball, location: 2F
1-2: Ball
2-2: Fly out, F7 (Flyball, 7)
Batting: RHB Steve Bock 0-0: Ball
1-0: SINGLE (Line Drive, 8LM)
Pinch Runner at 1st Manny Flores:
Batting: SHB Ramón García 0-0: Called Strike
0-1: Called Strike
0-2: Foul Ball, location: 2F
0-2: Foul Ball, location: 2F
0-2: Ball
1-2: Foul Ball, location: 2F
1-2: Ground out 3-1 (Groundball, 3D)
Manny Flores to second
Batting: SHB Jesús Rodríguez 0-0: Ball
1-0: Foul Ball, location: 2F
1-1: Ball
2-1: Ball
3-1: Base on Balls
Batting: LHB Lorenzo Díaz 0-0: Ball
1-0: Ball
2-0: Foul Ball, location: 2F
2-1: Swinging Strike
2-2: Foul Ball, location: 2F
2-2: Foul Ball, location: 2F
2-2: Ball
3-2: Base on Balls
Manny Flores to third
Jesús Rodríguez to second
Batting: RHB Chris Corella 0-0: Called Strike
0-1: Foul Ball, location: 2F
0-2: Strikes out swinging
Top of the 10th over - 0 run(s), 1 hit(s), 0 error(s), 3 left on base; Westwood 0 - Bethesda 0
BOTTOM OF THE 10TH
Bethesda Atoms batting - Pitching for Westwood Sixshooters : LHP Christian Clayton
Now at SS: Carlos Cruz
Batting: RHB Enrique Ibarra 0-0: Called Strike
0-1: DOUBLE (Line Drive, 9LM)
Pinch Hitting: RHB Jesús Sánchez 0-0: Intentional Walk
Pinch Hitting: RHB Carlos Ávila 0-0: Bunted foul
0-1: Bunted foul
0-2: Ball
1-2: Fielders Choice at 2nd, 1-6 (Groundball, P)
Enrique Ibarra to third
Batting: RHB Patrick Eggen 0-0: Ball
1-0: Ball
2-0: Foul Ball, location: 2F
2-1: Called Strike
2-2: Foul Ball, location: 2F
2-2: Ball
3-2: Fly out, F8 (Flyball, 8RS)
Batting: SHB Nuygen Vuong 0-0: Foul Ball, location: 2F
0-1: Ball
1-1: Ball
2-1: Foul Ball, location: 2F
2-2: Strikes out swinging
Bottom of the 10th over - 0 run(s), 1 hit(s), 0 error(s), 2 left on base; Westwood 0 - Bethesda 0
TOP OF THE 11TH
Westwood Sixshooters batting - Pitching for Bethesda Atoms : LHP Holden Rosen Grupp
Pitching: LHP Hakan Yilmanz
Now at 1B: Leroy Rijerkerk
Now in LF: Jesús Sánchez
Batting: RHB Edgar González 0-0: Ball
1-0: Ball
2-0: Ground out 6-3 (Groundball, 6)
Pinch Hitting: RHB Barnett Armstrong 0-0: Foul Ball, location: 2F
0-1: Called Strike
0-2: Ball
1-2: Ball
2-2: Ball
3-2: Strikes out looking
Batting: RHB Nick Hoskins 0-0: Ball
1-0: Ground out 6-3 (Groundball, 6)
Top of the 11th over - 0 run(s), 0 hit(s), 0 error(s), 0 left on base; Westwood 0 - Bethesda 0
BOTTOM OF THE 11TH
Bethesda Atoms batting - Pitching for Westwood Sixshooters : LHP Christian Clayton
Pitching: RHP Will Moore
Now at 2B: Barnett Armstrong
Batting: SHB Bob Lambert 0-0: Ball
1-0: Swinging Strike
1-1: Ground out U3 (Groundball, 3L)
Batting: RHB Carlos León 0-0: Called Strike
0-1: Reached on error, E4 (Groundball, 4S)
Pinch Hitting: LHB Raúl Godines 0-0: Ball
1-0: Ball
2-0: Ball
3-0: Base on Balls
Carlos León to second
Batting: SHB Pedro Ortega 0-0: Ball
1-0: Called Strike
1-1: Foul Ball, location: 2F
1-2: Foul Ball, location: 2F
1-2: Foul Ball, location: 2F
1-2: Ball
Passed Ball!
Carlos León to third
Raúl Godines to second
2-2: Intentional Walk
Batting: RHB Enrique Ibarra 0-0: Ball
1-0: Called Strike
1-1: Grounds into fielders choice 5-2 (Groundball, 5L)
Raúl Godines to third
Pedro Ortega to second
Batting: RHB Jesús Sánchez 0-0: Ball
1-0: Called Strike
1-1: Ball
2-1: Ball
3-1: Fielders Choice at 2nd, 6-4 (Groundball, 6)
Bottom of the 11th over - 0 run(s), 0 hit(s), 1 error(s), 2 left on base; Westwood 0 - Bethesda 0
TOP OF THE 12TH
Westwood Sixshooters batting - Pitching for Bethesda Atoms : LHP Hakan Yilmanz
Now at C: Raúl Godines
Batting: LHB José Martínez 0-0: Ground out 4-3 (Groundball, 4)
Batting: RHB Carlos Cruz 0-0: Called Strike
0-1: Ground out 4-3 (Groundball, 4)
Batting: SHB Ramón García 0-0: Called Strike
0-1: Ball
1-1: Swinging Strike
1-2: Ball
2-2: Foul Ball, location: 2F
2-2: Ball
3-2: Base on Balls
Batting: SHB Jesús Rodríguez 0-0: Ball
1-0: SINGLE (Line Drive, 8LS)
Ramón García to second
Batting: LHB Lorenzo Díaz 0-0: Ball
1-0: Swinging Strike
1-1: Foul Ball, location: 2F
1-2: Foul Ball, location: 2F
1-2: Foul Ball, location: 2F
1-2: Fly out, F8 (Flyball, 8LS)
Top of the 12th over - 0 run(s), 1 hit(s), 0 error(s), 2 left on base; Westwood 0 - Bethesda 0
BOTTOM OF THE 12TH
Bethesda Atoms batting - Pitching for Westwood Sixshooters : RHP Will Moore
Batting: RHB Leroy Rijerkerk 0-0: Ball
1-0: Ball
2-0: Foul Ball, location: 2F
2-1: Ball
3-1: Foul Ball, location: 2F
3-2: Ground out 6-3 (Groundball, 6)
Batting: RHB Patrick Eggen 0-0: Ball
1-0: DOUBLE (Line Drive, 7LM)
Batting: SHB Nuygen Vuong 0-0: Intentional Walk
Batting: SHB Bob Lambert 0-0: Called Strike
0-1: Grounds into double play, 4-6-3 (Groundball, 34)
Bottom of the 12th over - 0 run(s), 1 hit(s), 0 error(s), 1 left on base; Westwood 0 - Bethesda 0
TOP OF THE 13TH
Westwood Sixshooters batting - Pitching for Bethesda Atoms : LHP Hakan Yilmanz
Batting: RHB Chris Corella 0-0: Ball
1-0: Ball
2-0: Called Strike
2-1: Ball
3-1: Base on Balls
Batting: RHB Edgar González 0-0: Sac Bunt - play at second, runner OUT! 5-6
Batting: RHB Barnett Armstrong 0-0: Ball
1-0: Ball
2-0: Ball
3-0: Called Strike
3-1: Base on Balls
Edgar González to second
Batting: RHB Nick Hoskins 0-0: Swinging Strike
0-1: Swinging Strike
0-2: Foul Ball, location: 2F
0-2: Strikes out looking
Batting: LHB José Martínez 0-0: Ball
1-0: Ball
2-0: Ball
3-0: Base on Balls
Edgar González to third
Barnett Armstrong to second
Batting: RHB Carlos Cruz 0-0: Ball
1-0: Ground out 5-3 (Groundball, 5S)
Top of the 13th over - 0 run(s), 0 hit(s), 0 error(s), 3 left on base; Westwood 0 - Bethesda 0
BOTTOM OF THE 13TH
Bethesda Atoms batting - Pitching for Westwood Sixshooters : RHP Will Moore
Batting: RHB Carlos León 0-0: Ball
1-0: Ground out 6-3 (Groundball, 6S)
Batting: LHB Raúl Godines 0-0: Called Strike
0-1: Ball
1-1: Called Strike
1-2: Foul Ball, location: 2F
1-2: Ball
2-2: Strikes out looking
Batting: SHB Pedro Ortega 0-0: Called Strike
0-1: Ball
1-1: Ball
2-1: Fly out, F2 (Popup, 5S)
Bottom of the 13th over - 0 run(s), 0 hit(s), 0 error(s), 0 left on base; Westwood 0 - Bethesda 0
TOP OF THE 14TH
Westwood Sixshooters batting - Pitching for Bethesda Atoms : LHP Hakan Yilmanz
Batting: SHB Ramón García 0-0: Ground out 4-3 (Groundball, 4)
Batting: SHB Jesús Rodríguez 0-0: Ball
1-0: Ball
2-0: Called Strike
2-1: Foul Ball, location: 2F
2-2: SINGLE (Line Drive, 8LS)
Batting: LHB Lorenzo Díaz 0-0: Called Strike
0-1: Ball
1-1: Foul Ball, location: 2F
1-2: Ball
2-2: Foul Ball, location: 2F
2-2: Ball
3-2: 2-RUN HOME RUN (Flyball, 8RXD), Distance : 432 ft
Pitching: RHP Ashweather Cett
Batting: RHB Chris Corella 0-0: Swinging Strike
0-1: Foul Ball, location: 2F
0-2: Ball
1-2: Ball
2-2: Ball
3-2: Base on Balls
Batting: RHB Edgar González 0-0: Foul Ball, location: 2F
0-1: Foul Ball, location: 2F
0-2: Ball
1-2: Strikes out looking
Batting: RHB Barnett Armstrong 0-0: Ball
1-0: Ball
2-0: Fielders Choice at 2nd, 6-4 (Groundball, 6)
Top of the 14th over - 2 run(s), 2 hit(s), 0 error(s), 0 left on base; Westwood 2 - Bethesda 0
BOTTOM OF THE 14TH
Bethesda Atoms batting - Pitching for Westwood Sixshooters : RHP Will Moore
Batting: RHB Enrique Ibarra 0-0: Ball
1-0: Ball
2-0: Called Strike
2-1: Foul Ball, location: 2F
2-2: Foul Ball, location: 2F
2-2: Fly out, F9 (Flyball, 89S)
Batting: RHB Jesús Sánchez 0-0: Ball
1-0: Ball
2-0: Ball
3-0: Called Strike
3-1: Swinging Strike
3-2: SINGLE (Line Drive, 6M)
Pitching: RHP Alfonso Santa Maria
Batting: RHB Leroy Rijerkerk 0-0: Swinging Strike
0-1: Called Strike
0-2: SINGLE (Line Drive, 6D)
Jesús Sánchez to second
Batting: RHB Patrick Eggen 0-0: Swinging Strike
0-1: Fielders Choice at 2nd, 2-4 (Groundball, 2L)
Jesús Sánchez to third
Batting: SHB Nuygen Vuong 0-0: Ball
1-0: Swinging Strike
1-1: Ball
2-1: SINGLE (Line Drive, 34)
Jesús Sánchez scores
Patrick Eggen to second
Runner from 2nd tries for 3rd, SAFE, throw made to third
Batting: SHB Bob Lambert 0-0: Ball
1-0: Foul Ball, location: 2F
1-1: Ball
2-1: Ball
3-1: Called Strike
3-2: Fly out, F5 (Popup, 56)
Bottom of the 14th over - 1 run(s), 3 hit(s), 0 error(s), 2 left on base; Westwood 2 - Bethesda 1
Friday, July 14th, 2017 - OOTP Baseball 17.12 Build 75